 Dungeon Crawl Stone Soup version 0.17.0-23-g0de4337 (webtiles) character file.

63133 inmateoo the Arsonist (level 14, -6/144 HPs)
             Began as a Demonspawn Fire Elementalist on Nov 13, 2015.
             Was the Champion of Qazlal.
             Mangled by a fire dragon (9 damage)
             ... on level 8 of the Lair of Beasts.
             The game lasted 00:54:35 (18206 turns).

inmateoo the Arsonist (DsFE)                       Turns: 18206, Time: 00:54:36

Health: -6/144     AC: 12    Str: 14      XL:     14   Next: 66%
Magic:  20/20      EV: 14    Int: 19 (21) God:    Qazlal [******]
Gold:   1355       SH:  8    Dex: 14      Spells: 6 memorised, 12 levels left

rFire  . . .     SeeInvis .     p - +9 quarterstaff
rCold  + + .     Clarity  .     G - +0 leather armour {rC+}
rNeg   . . .     SustAt   .     (shield currently unavailable)
rPois  +         Gourm    .     q - +0 helmet
rElec  .         Spirit   .     T - +1 cloak
rCorr  +         Warding  .     W - +1 pair of gloves
rMut   .         Stasis   .     H - +0 pair of boots (curse)
MR     +....                    x - amulet of resist corrosion
Stlth  ..........               Q - +3 ring of slaying
                                o - ring "Cerub" {Wiz rPois rC+ MP-9}

@: berserking (expiring), protected from physical damage, repel missiles, very
quick, somewhat resistant to hostile enchantments, extremely unstealthy
A: claws 2, thin skeletal structure 1, clumsy 1, powered by death 2
a: Upheaval, Elemental Force, Disaster Area, Renounce Religion


You were on level 8 of the Lair of Beasts.
You worshipped Qazlal.
Qazlal was exalted by your worship.
You were hungry.

You visited 3 branches of the dungeon, and saw 20 of its levels.

You collected 1355 gold pieces.

Inventory:

Hand Weapons
 p - a +9 quarterstaff (weapon)
 P - the +2 rapier "Gogigequnn" {pierce, MR+}
   (You took it off a wight on level 10 of the Dungeon)

   It inflicts extra damage upon your enemies.
   It affects your resistance to hostile enchantments.
Armour
 q - a +0 helmet (worn)
 G - a +0 leather armour of cold resistance (worn)
 H - a cursed +0 pair of boots (worn)
 T - a +1 cloak (worn)
 W - a +1 pair of gloves (worn)
Jewellery
 h - an uncursed ring of flight
 o - the ring "Cerub" (left hand) {Wiz rPois rC+ MP-9}
   (You found it on level 10 of the Dungeon)

   [ring of wizardry]

   It improves your spell success rate.
   It protects you from cold.
   It protects you from poison.
   It affects your magic capacity (-9).
 x - an amulet of resist corrosion (around neck)
 y - an uncursed ring of protection from magic
 A - an uncursed ring of see invisible
 N - an uncursed ring of invisibility
 Q - a +3 ring of slaying (right hand)
 Z - an uncursed ring of protection from fire
Wands
 k - a wand of digging (21)
 v - a wand of lightning (2)
 L - a wand of fire (6)
 M - a wand of disintegration (11)
 R - a wand of digging (15)
 U - a wand of invisibility (1)
 X - a wand of disintegration (4)
Scrolls
 e - 9 scrolls of remove curse
 f - 5 scrolls of teleportation
 t - 2 scrolls of magic mapping
 u - 2 scrolls of amnesia
 z - 4 scrolls of recharging
 D - a scroll of enchant weapon
 E - a scroll of identify
 I - 4 scrolls of fear
 O - a scroll of blinking
 S - a scroll of enchant armour
Potions
 a - a potion of heal wounds
 g - a potion of invisibility
 j - 2 potions of brilliance
 l - 6 potions of curing
 m - a potion of lignification
 n - a potion of resistance
 r - a potion of haste
 s - a potion of berserk rage
 w - 3 potions of might
 C - 3 potions of cure mutation
 J - 3 potions of ambrosia
 K - a potion of agility
Miscellaneous
 V - a lamp of fire
Comestibles
 c - 13 bread rations
 d - 8 meat rations
 B - 25 fruits


   Skills:
 + Level 4.4 Fighting
 + Level 9.2 Staves
 + Level 5.7 Dodging
 - Level 3.1 Stealth
 * Level 11.4 Spellcasting
 + Level 10.1 Conjurations
 + Level 2.2 Charms
 * Level 13.1 Fire Magic
 + Level 8.3 Invocations
 + Level 6.1 Evocations


You had 12 spell levels left.
You knew the following spells:

 Your Spells              Type           Power        Failure   Level  Hunger
a - Flame Tongue          Conj/Fire      #####        1%          1    None
b - Throw Flame           Conj/Fire      ######       1%          2    None
c - Conjure Flame         Conj/Fire      ######..     1%          3    None
d - Sticky Flame          Conj/Fire      ######..     1%          4    ##.....
e - Bolt of Fire          Conj/Fire      ######....   6%          6    ######.
f - Ring of Flames        Chrm/Fire      #####.....   94%         7    #######


Dungeon Overview and Level Annotations

Branches:
Dungeon (11/15)            Temple (1/1) D:4            Lair (8/8) D:8
  Swamp (0/4) Lair:4        Snake (0/4) Lair:4        Slime (0/6) Lair:8
    Orc (0/4) D:10

Altars:
Ashenzari
Cheibriados
Dithmenos
Elyvilon
Fedhas
Gozag
Kikubaaqudgha
Makhleb
Nemelex Xobeh
Okawaru
Qazlal
Ru
Sif Muna
Trog
Vehumet
Xom
Yredelemnul
Zin
The Shining One
Jiyva


Innate Abilities, Weirdness & Mutations

You have very sharp fingernails.
You have a somewhat thin skeletal structure (Dex +2, Stealth).
You regenerate health from kills.
You are clumsy. (Dex -2)


Message History

You hit the fire dragon.
The fire dragon is moderately wounded.
Unknown command.
You are too berserk!
You are too berserk!
You are too berserk!
You sock the fire dragon!
The fire dragon is moderately wounded.
The fire dragon bites you!
* * * LOW HITPOINT WARNING * * *
The fire dragon barely misses you. The fire dragon tramples you!
* * * LOW HITPOINT WARNING * * *
You stumble backwards!
You sock the fire dragon!
The fire dragon is heavily wounded.
You thump the fire dragon!
The fire dragon is heavily wounded.
The fire dragon is engulfed in roaring flames.
The fire dragon bites you!
You die...

....###$$$ ##(.###
#.#§..### ....# #$.$
##..## ####....#
....# $$# #....#
####..... ..PP#
#'##..### #.#.....#
#..P# ##.8.###
######..†#### ...P#
#..§##.# #.##....##
P..<# ###...##
###†.†.#.§#### #...#
#..D§###.....##....P#
##.##
###§@......#####..)..
### #.##.§.####
#####. ######## ##


You could see a fire dragon.

Vanquished Creatures
  Kirke (Lair:8)
  A fire dragon (Lair:8)
  8 hydras
  Fannar (D:10)
  A ghost crab (Lair:4)
  12 death yaks
  The ghost of Uberwunderbarhen the Nimble, a novice OpFi (D:8)
  Sonja (Lair:3)
  A hill giant (D:8)
  3 lindwurms (Lair:8)
  2 griffons
  21 elephants
  9 spiny frogs
  Maurice (D:10)
  7 black mambas
  6 torpor snails
  A gargoyle (D:11)
  A centaur skeleton (D:10)
  7 komodo dragons
  8 fire drakes
  4 giant leeches (Lair:8)
  3 polar bears
  Prince Ribbit (D:6)
  30 blink frogs
  3 wyverns
  A spriggan (D:7)
  3 hogs (Lair:8)
  22 yaks
  A deep elf fighter (D:8)
  A hog (shapeshifter) (D:10)
  2 steam dragons
  2 humans (D:7)
  3 basilisks
  8 hippogriffs
  Edmund (D:6)
  7 porcupines
  3 wolves
  Duvessa (D:6)
  A sky beast (D:10)
  2 swamp drakes (Lair:8)
  3 ice beasts
  A black bear (Lair:1)
  11 water moccasins
  5 orc warriors
  4 ogres
  4 wasps (Lair:8)
  20 crocodiles
  2 centaurs
  15 giant frogs
  4 brain worms (Lair:8)
  A wyvern zombie (D:10)
  Dowan (D:6)
  3 scorpions
  13 wights
  A centaur zombie (D:4)
  3 electric eels
  6 crimson imps
  7 hounds
  Crazy Yiuf (D:5)
  12 iguanas
  A jelly (D:11)
  3 orc priests
  6 orc wizards
  6 hell rats (Lair:5)
  A worker ant (D:8)
  24 sheep
  The ghost of Uberwunderbarhen the Ducker, a weakling OpFi (D:4)
  A hound zombie (D:10)
  2 worker ant zombies
  Robin (D:3)
  37 river rats
  10 adders
  An ooze (D:2)
  An adder skeleton (D:4)
  20 worms
  4 giant geckos
  36 orcs
  5 giant cockroaches
  7 hobgoblins
  11 jackals
  2 quokkas
  A ball python (D:3)
  15 bats
  A giant newt (D:5)
  13 goblins
  A jackal zombie (D:6)
  6 kobolds
  2 quokka zombies
  14 rats
  6 bushes
  A butterfly (Lair:6)
  73 fungi
  60 plants
682 creatures vanquished.

Vanquished Creatures (collateral kills)
  An ugly thing (D:11)
  A spiny frog (Lair:8)
  A yak (Lair:8)
  A hound (D:11)
  A worm (D:5)
  An orc (D:5)
6 creatures vanquished.

Vanquished Creatures (others)
  2 humans (Lair:8)
  A water moccasin (Lair:8)
  A wight (D:10)
  An iguana (Lair:8)
  A bush (Lair:8)
  50 fungi
  53 plants
109 creatures vanquished.

Grand Total: 797 creatures vanquished

Notes
Turn   | Place    | Note
--------------------------------------------------------------
     0 | D:1      | inmateoo the Demonspawn Fire Elementalist began the quest for the Orb.
     0 | D:1      | Reached XP level 1. HP: 13/13 MP: 3/3
   350 | D:1      | Gained mutation: You have sharp fingernails. [demonic ancestry]
   350 | D:1      | Reached XP level 2. HP: 17/19 MP: 0/5
   407 | D:2      | Noticed Robin
   411 | D:1      | Reached skill level 3 in Fire Magic
   639 | D:2      | You fall through a shaft for 2 floors!
   642 | D:4      | Found a staircase to the Ecumenical Temple.
   651 | Temple   | Entered the Ecumenical Temple
   704 | Temple   | Became a worshipper of Qazlal Stormbringer
   727 | D:4      | Noticed Uberwunderbarhen's ghost (weakling OpFi)
   870 | D:2      | Reached XP level 3. HP: 24/24 MP: 1/6
   874 | D:2      | Learned a level 2 spell: Throw Flame
   878 | D:2      | Learned a level 3 spell: Conjure Flame
  1239 | D:3      | Killed Robin
  1724 | D:2      | Gained mutation: You regenerate a little health from kills. [demonic ancestry]
  1724 | D:2      | Reached XP level 4. HP: 26/30 MP: 7/7
  2049 | D:3      | Reached * piety under Qazlal
  2178 | D:3      | Found an ancient bone altar of Kikubaaqudgha.
  2201 | D:3      | Found a deep blue altar of Sif Muna.
  2761 | D:4      | Noticed an ogre
  3549 | D:4      | Killed Uberwunderbarhen's ghost
  3549 | D:4      | Gained mutation: You regenerate health from kills. [demonic ancestry]
  3549 | D:4      | Reached XP level 5. HP: 35/35 MP: 0/8
  3736 | D:4      | Noticed a black bear
  3824 | D:4      | Found an iron altar of Okawaru.
  3825 | D:4      | Found a shattered altar of Ashenzari.
  4009 | D:4      | Noticed an ogre
  4018 | D:5      | Entered Level 5 of the Dungeon
  4244 | D:5      | Noticed an ice beast
  4332 | D:4      | Killed an ogre
  4332 | D:4      | Reached skill level 1 in Staves
  4332 | D:4      | Reached skill level 4 in Fire Magic
  4332 | D:4      | Reached XP level 6. HP: 29/41 MP: 2/10
  4338 | D:4      | Learned a level 4 spell: Sticky Flame
  4371 | D:4      | Noticed an ogre
  4404 | D:4      | Killed an ogre
  4767 | D:4      | Killed an ice beast
  4767 | D:4      | Reached XP level 7. HP: 43/46 MP: 1/11
  4966 | D:5      | Reached ** piety under Qazlal
  5356 | D:5      | Noticed Crazy Yiuf
  5364 | D:5      | Killed Crazy Yiuf
  5364 | D:5      | Reached skill level 5 in Fire Magic
  5428 | D:5      | Found a shimmering altar of Xom.
  5454 | D:5      | Noticed a centaur
  5458 | D:5      | Noticed an ogre
  5459 | D:5      | Killed a centaur
  5467 | D:5      | Killed an ogre
  5488 | D:5      | Found a white marble altar of Elyvilon.
  5556 | D:5      | Found a shadowy altar of Dithmenos.
  5556 | D:5      | Found a blossoming altar of Fedhas.
  5557 | D:5      | Found a glowing golden altar of the Shining One.
  5751 | D:6      | Noticed Edmund
  5775 | D:6      | Killed Edmund
  5775 | D:6      | Reached XP level 8. HP: 39/52 MP: 3/13
  6071 | D:6      | Noticed Dowan
  6077 | D:6      | Killed Dowan
  6077 | D:6      | Reached skill level 6 in Fire Magic
  6080 | D:6      | Noticed Duvessa
  6088 | D:6      | Killed Duvessa
  6138 | D:6      | Noticed Prince Ribbit
  6159 | D:6      | Killed Prince Ribbit
  6377 | D:7      | Found a basalt altar of Yredelemnul.
  6415 | D:7      | Found an opulent altar of Gozag.
  6752 | D:7      | Found an iron altar of Okawaru.
  6896 | D:7      | Reached skill level 7 in Fire Magic
  6935 | D:7      | Reached XP level 9. HP: 47/57 MP: 2/16
  6953 | D:7      | Learned a level 6 spell: Bolt of Fire
  7167 | D:7      | Found a snail-covered altar of Cheibriados.
  7268 | D:8      | Reached skill level 5 in Conjurations
  7277 | D:8      | Reached skill level 5 in Spellcasting
  7287 | D:8      | Reached *** piety under Qazlal
  7674 | D:8      | Found a staircase to the Lair.
  7680 | D:8      | Reached skill level 8 in Fire Magic
  7776 | D:8      | Noticed a hill giant
  7789 | D:8      | Killed a hill giant
  7789 | D:8      | Reached skill level 5 in Staves
  7815 | D:8      | Found a snail-covered altar of Cheibriados.
  7829 | D:8      | Noticed Uberwunderbarhen's ghost (novice OpFi)
  7857 | D:8      | Killed Uberwunderbarhen's ghost
  7857 | D:8      | Reached XP level 10. HP: 9/63 MP: 0/19
  8548 | D:9      | Found a radiant altar of Vehumet.
  8548 | D:9      | Found a burning altar of Makhleb.
  8923 | D:10     | Entered Level 10 of the Dungeon
  8943 | D:10     | Reached **** piety under Qazlal
  8943 | D:10     | Reached skill level 9 in Fire Magic
  8960 | D:10     | Noticed Fannar
  9051 | D:10     | Killed Fannar
  9064 | D:10     | Got a faintly glowing rapier {pierce}
  9114 | D:10     | Noticed Maurice
  9142 | D:10     | Killed Maurice
  9168 | D:10     | Identified the cursed +2 rapier "Gogigequnn" {pierce, MR+} (You took it off a wight on level 10 of the Dungeon)
  9226 | D:10     | Got a twitching lead ring
  9237 | D:10     | Identified the ring "Cerub" {Wiz rPois rC+ MP-9} (You found it on level 10 of the Dungeon)
  9671 | D:10     | Reached skill level 10 in Fire Magic
  9789 | D:10     | Found a staircase to the Orcish Mines.
  9903 | D:11     | Noticed a brown ugly thing
  9912 | D:11     | Killed a brown ugly thing
  9912 | D:11     | Reached XP level 11. HP: 60/68 MP: 7/21
  9928 | D:11     | Gained mutation: Your mind is acute. (Int +2) [mutagenic meat]
  9929 | D:11     | Lost mutation: Your mind is acute. (Int +2) [mutagenic meat]
  9930 | D:11     | Gained mutation: You are clumsy. (Dex -2) [mutagenic meat]
 10125 | D:8      | Reached ***** piety under Qazlal
 10212 | Lair:1   | Entered Level 1 of the Lair of Beasts
 11024 | Lair:2   | Reached skill level 1 in Invocations
 11626 | Lair:3   | Noticed Sonja
 11629 | Lair:3   | Killed Sonja
 11676 | Lair:3   | Reached skill level 1 in Evocations
 11691 | Lair:3   | Noticed a four-headed hydra
 12410 | Lair:4   | Reached skill level 11 in Fire Magic
 12464 | Lair:4   | Found a staircase to the Swamp.
 12469 | Lair:4   | Noticed a ghost crab
 12473 | Lair:4   | Killed a ghost crab
 12473 | Lair:4   | Gained mutation: You have a somewhat thin skeletal structure (Dex +2, Stealth). [demonic ancestry]
 12473 | Lair:4   | Reached XP level 12. HP: 72/74 MP: 3/24
 12483 | Lair:4   | Found a staircase to the Snake Pit.
 12732 | Lair:4   | Noticed a five-headed hydra
 12738 | Lair:4   | Killed a five-headed hydra
 12743 | Lair:4   | Noticed a four-headed hydra
 12754 | Lair:4   | Killed a four-headed hydra
 13271 | Lair:4   | Noticed a four-headed hydra
 13280 | Lair:4   | Killed a four-headed hydra
 13375 | Lair:5   | Noticed a six-headed hydra
 13391 | Lair:5   | Killed a six-headed hydra
 13391 | Lair:5   | Reached skill level 5 in Invocations
 13533 | Lair:5   | Reached ****** piety under Qazlal
 14048 | Lair:6   | Reached skill level 1 in Fighting
 14060 | Lair:6   | Reached skill level 10 in Spellcasting
 14067 | Lair:6   | Gained mutation: You have very sharp fingernails. [demonic ancestry]
 14067 | Lair:6   | Reached XP level 13. HP: 83/83 MP: 2/27
 14079 | Lair:6   | Reached skill level 12 in Fire Magic
 14316 | Lair:6   | Killed a four-headed hydra
 14520 | Lair:6   | Noticed a six-headed hydra
 14526 | Lair:6   | Killed a six-headed hydra
 14797 | Lair:7   | Noticed a five-headed hydra
 14812 | Lair:7   | Killed a five-headed hydra
 15735 | Lair:7   | Reached skill level 5 in Evocations
 16065 | Lair:8   | Entered Level 8 of the Lair of Beasts
 16088 | Lair:8   | Reached XP level 14. HP: 82/93 MP: 10/28
 16110 | Lair:8   | Reached skill level 5 in Dodging
 16293 | Lair:8   | Found a viscous altar of Jiyva.
 16293 | Lair:8   | Found a staircase to the Slime Pits.
 16576 | Lair:8   | Learned a level 7 spell: Ring of Flames
 16644 | Lair:8   | Found a runed door.
 16792 | Lair:8   | Reached skill level 1 in Charms
 16971 | Lair:8   | Noticed Kirke
 16972 | Lair:8   | Noticed a sphinx
 17152 | Lair:8   | Killed Kirke
 17226 | Lair:8   | Reached skill level 13 in Fire Magic
 17253 | Lair:8   | Reached skill level 10 in Conjurations
 18052 | Lair:8   | Got an ichor-stained scale mail
 18063 | Lair:8   | Identified the +4 scale mail of Ugaoluar {Regen+} (You found it on level 8 of the Lair of Beasts)
 18204 | Lair:8   | HP: 2/144 [fire dragon (7)]
 18206 | Lair:8   | Mangled by a fire dragon

Action                   |  1- 3 |  4- 6 |  7- 9 | 10-12 | 13-15 || total
-------------------------+-------+-------+-------+-------+-------++-------
Melee: Short sword       |    22 |       |       |       |       ||    22
       Quarterstaff      |     9 |   115 |   169 |   579 |   551 ||  1423
       Rapier            |       |       |       |       |     7 ||     7
 Cast: Flame Tongue      |    62 |    55 |    86 |    70 |    28 ||   301
       Conjure Flame     |       |     9 |    10 |    12 |     9 ||    40
       Sticky Flame      |       |       |    14 |    57 |    48 ||   119
       Throw Flame       |       |       |       |     8 |       ||     8
       Bolt of Fire      |       |       |       |     2 |     6 ||     8
Invok: Disaster Area     |       |       |       |       |     1 ||     1
Evoke: Wand              |       |     1 |       |     5 |     5 ||    11
       Lamp of fire      |       |       |       |     1 |     1 ||     2
       Deck              |       |       |       |       |     2 ||     2
  Use: Scroll            |     6 |     8 |    11 |     9 |    12 ||    46
       Potion            |       |     1 |       |     3 |     6 ||    10
 Stab: Sleeping          |     1 |     1 |       |       |       ||     2
       Distracted        |       |     1 |       |       |       ||     1
       Invisible         |       |       |       |       |     6 ||     6
  Eat: Chunk             |     3 |     6 |    12 |    20 |     8 ||    49
       Fruit             |       |     1 |       |       |     2 ||     3
       Meat ration       |       |     1 |       |       |       ||     1
       Pizza             |       |       |       |     4 |     4 ||     8
       Beef jerky        |       |       |       |     1 |     2 ||     3
       Royal jelly       |       |       |       |       |     1 ||     1
